 Dungeon Crawl Stone Soup version 0.29-a0-789-g7a8fcbc185 (webtiles) character file.

Game seed: 17758686165526764404

3642 marklar909 the Cudgeller (level 9, -7/73 HPs)
             Began as a Palentonga Fighter on July 3, 2022.
             Was a Believer of Okawaru.
             Mangled by a yak (10 damage)
             ... on level 9 of the Dungeon.
             The game lasted 00:10:34 (7571 turns).

marklar909 the Cudgeller (Palentonga Fighter)       Turns: 7571, Time: 00:10:35

Health: -7/73      AC: 22    Str: 24    XL:     9   Next: 88%
Magic:  11/11      EV:  6    Int:  9    God:    Okawaru [**....]
Gold:   445        SH:  5    Dex: 11    Spells: 8/8 levels left

rFire   + . .      SeeInvis +   s - +8 whip of Ashenzari, Transmuting {holy, *Rage rElec rF+}
rCold   . . .      Faith    .   c - +0 buckler
rNeg    + . .      Spirit   .   b - +0 scale mail
rPois   .          Reflect  .   u - +2 hat
rElec   +          Harm     .   (no cloak)
rCorr   .          Rampage  .   (no gloves)
Will    .....      Rage     20% k - +1 barding "Hinwe" {rN+ Str+2 Stlth+}
Stlth   +.........              B - amulet of regeneration
HPRegen 1.02/turn               (no ring)
MPRegen 0.12/turn               (no ring)

@: on berserk cooldown, slowed, studying Maces & Flails, curled up, very slow
A: large, rugged brown scales 3, see invisible, deformed body, roll 1, armoured
tail, reflexive curl
a: Rolling Charge, Renounce Religion, Heroism


You were on level 9 of the Dungeon.
You worshipped Okawaru.
Okawaru was pleased with you.
You visited 2 branches of the dungeon, and saw 10 of its levels.

You collected 445 gold pieces.

Inventory:

Hand Weapons
 s - the +8 whip of Ashenzari, Transmuting (weapon) {holy, *Rage rElec rF+}
   (You found it on level 3 of the Dungeon)

   It has been blessed by the Shining One to cause great damage to the undead
   and demons.
   rF:        It protects you from fire.
   rElec:     It insulates you from electricity.
   *Rage:     It berserks you when you make melee attacks (+20% chance).
 v - the +11 long sword "Testudineslayer" {protect, rCorr MP+9 Int+2}
   (You found it on level 4 of the Dungeon)

   It grants its wielder temporary protection when it strikes (+7 to AC).
   Int:       It affects your intelligence (+2).
   MP:        It affects your magic capacity (+9).
   rCorr:     It protects you from acid and corrosion.
Armour
 b - a +0 scale mail (worn)
 c - a +0 buckler (worn)
 k - the +1 barding "Hinwe" (worn) {rN+ Str+2 Stlth+}
   (You acquired it on level 6 of the Dungeon)

   Str:       It affects your strength (+2).
   rN:        It protects you from negative energy.
   Stlth:     It makes you more stealthy.
 u - a +2 hat (worn)
Jewellery
 B - an amulet of regeneration (around neck)
Wands
 n - a wand of roots (2)
 x - a wand of acid (14)
 E - a wand of polymorph (3)
Scrolls
 a - a scroll of fog
 f - 2 scrolls of enchant armour
 h - 2 scrolls of amnesia
 i - 4 scrolls of teleportation
 p - 2 scrolls of identify
 t - a scroll of summoning
 w - 4 scrolls of vulnerability {unknown}
 y - 2 scrolls of poison {unknown}
 z - 2 scrolls of magic mapping {unknown}
 C - a scroll of blinking {unknown}
 F - 2 scrolls of brand weapon {unknown}
 G - 2 scrolls of enchant weapon {unknown}
 H - a scroll of noise {unknown}
 I - a scroll of fear {unknown}
 J - a scroll of immolation {unknown}
Potions
 d - 2 potions of might
 e - 8 potions of curing
 g - 3 potions of heal wounds
 j - 2 potions of lignification
 l - 2 potions of mutation
 m - 2 potions of haste
 o - 3 potions of degeneration {unknown}
 q - a potion of ambrosia {unknown}
 r - a potion of resistance {unknown}
 A - a potion of attraction {unknown}
 D - a potion of magic {unknown}


   Skills:
 + Level 5.8 Fighting
 + Level 6.8 Long Blades
 + Level 6.9 Maces & Flails
 + Level 6.0 Armour
 + Level 3.4 Dodging
 + Level 0.9 Stealth
 + Level 4.9 Shields
 * Level 3.3 Invocations
 + Level 0.3 Evocations


You had 8 spell levels left.
You didn't know any spells.
Your spell library contained the following spells:

 Spells                   Type           Power      Damage    Failure   Level
 Apportation              Tloc           0%         N/A       75%         1
 Sandblast                Erth           0%         2d4       75%         1
 Slow                     Hex            0%         N/A       75%         1
 Passwall                 Tmut/Erth      0%         N/A       86%         2
 Confusing Touch          Hex            0%         N/A       98%         3
 Portal Projectile        Hex/Tloc       0%         N/A       98%         3
 Stone Arrow              Conj/Erth      0%         3d7       98%         3
 Vampiric Draining        Necr           0%         2d6       98%         3
 Leda's Liquefaction      Hex/Erth       0%         N/A       100%        4
 Alistair's Intoxication  Tmut/Pois      0%         N/A       100%        5
 Call Canine Familiar     Summ           Unusable   N/A       N/A         3

Dungeon Overview and Level Annotations

Branches:
Dungeon (9/15)             Temple (1/1) D:5
   Lair: D:8-11         Orc: D:9-12

Altars:
Ashenzari
Cheibriados
Dithmenos
Fedhas
Gozag
Hepliaklqana
Kikubaaqudgha
Makhleb
Nemelex Xobeh
Okawaru
Qazlal
Ru
Sif Muna
Trog
Wu Jian
Xom
Yredelemnul
Zin
The Shining One

Shops:
D:8 (

Annotations:
D:5 1 runed translucent door, zhov's ghost, amateur DsFi
D:6 3 runed translucent doors, crusatyr's ghost, novice HOFi


Innate Abilities, Weirdness & Mutations

You are completely covered in rugged brown scales. (AC +3, +7% HP)
You have supernaturally acute eyesight. (SInv)
Armour fits poorly on your strangely shaped body.
You can roll at nearby foes to attack.
You have a long armoured tail.
You curl defensively after being hit. (AC +7*)


Message History

The yak is severely wounded.
The yak barely misses you.
You closely miss the yak. You tail-slap the yak!
The yak is almost dead.
The yak gores you but does no damage.
You closely miss the yak.
Your tail-slap misses the yak.
The yak is almost dead.
The yak barely misses you.
You whack the yak!
You kill the yak!
Okawaru accepts your kill. The yak gores you but does no damage.
Your Invocations skill increases to level 3!
You whack the yak! You tail-slap the yak.
The yak is severely wounded.
The yak gores you!
You whack the yak!
The yak is almost dead.
The yak gores you but does no damage.
You whack the yak!
You kill the yak!
Okawaru accepts your kill.
Your Armour skill increases to level 6!
You hit the yak.
The yak is lightly wounded.
The yak barely misses you.
You hit the yak.
The yak is lightly wounded.
The yak gores you!
* * * LOW HITPOINT WARNING * * *
You hit the yak.
The yak is lightly wounded.
The yak gores you!
* * * LOW HITPOINT WARNING * * *
The yak gores you!
* * * LOW HITPOINT WARNING * * *
You closely miss the yak.
The yak is lightly wounded.
The yak gores you!
You die...

.##.......#
..........# .
.######'###....
#.............
#.............
#............. ..
#Y............
...#####Y...........)
.......@#########....
#.#.....#.......#####
#.....'........#
+.....#........#
#.....#........#
#.....#........#
#.....##'#######
+..............#
#..............#


You could see 2 yaks.

Vanquished Creatures
  A two-headed ogre (D:8)
  Maggie (D:9)
  A wyvern (D:8)
  A wraith (D:9)
  2 yaks (D:9)
  Edmund (D:6)
  A water moccasin (D:4)
  An orc warrior (D:7)
  2 black bears
  2 ice beasts
  A sky beast (D:6)
  An ogre (D:5)
  A centaur (D:7)
  A phantom (D:4)
  A kobold brigand (D:7)
  A necrophage (D:5)
  4 scorpions
  A howler monkey (D:6)
  7 hounds
  A jelly (D:6)
  2 orc priests (D:7)
  A bouda (D:8)
  4 iguanas
  4 orc wizards
  4 gnolls (D:8)
  10 adders
  2 white imps (D:6)
  2 ufetubi
  2 worms (D:2)
  2 dart slugs (D:2)
  16 orcs
  8 ball pythons
  5 bats
  9 endoplasms
  3 giant cockroaches
  6 goblins
  8 hobgoblins
  4 jackals
  10 kobolds
  4 quokkas
  2 frilled lizards
  4 rats
144 creatures vanquished.

Vanquished Creatures (others)
  A plant (D:3)
1 creature vanquished.

Grand Total: 145 creatures vanquished

Notes
Turn   | Place    | Note
-------+----------+-------------------------------------------
     0 | D:1      | marklar909 the Palentonga Fighter began the quest for the
                  | Orb.
     0 | D:1      | Reached XP level 1. HP: 19/19 MP: 1/1
   117 | D:1      | Reached XP level 2. HP: 10/25 MP: 2/2
   943 | D:1      | Reached XP level 3. HP: 19/31 MP: 3/3
  2116 | D:3      | Found a blossoming altar of Fedhas.
  2120 | D:3      | Reached XP level 4. HP: 36/37 MP: 4/4
  2217 | D:3      | Found a faded altar of an unknown god.
  2467 | D:3      | Identified the +8 whip of Ashenzari, Transmuting {holy,
                  | *Rage rElec rF+}
  2512 | D:3      | Found an ornate altar of the Wu Jian Council.
  3071 | D:4      | Reached skill level 1 in Dodging
  3071 | D:4      | Reached XP level 5. HP: 37/43 MP: 5/5
  3131 | D:4      | Identified the +11 long sword "Testudineslayer" {protect,
                  | rCorr MP+9 Int+2}
  3421 | D:4      | Noticed a water moccasin
  3425 | D:4      | Killed a water moccasin
  3426 | D:4      | Reached skill level 1 in Long Blades
  3426 | D:4      | Reached XP level 6. HP: 44/51 MP: 6/6
  3896 | D:5      | Entered Level 5 of the Dungeon
  3926 | D:5      | Gained mutation: You curl defensively after being hit. (AC
                  | +7*) [Palentonga growth]
  3926 | D:5      | Reached XP level 7. HP: 57/57 MP: 7/7
  4125 | D:5      | Found a runed translucent door.
  4125 | D:5      | Noticed zhov's ghost (amateur DsFi)
  4249 | D:5      | Found a staircase to the Ecumenical Temple.
  4308 | Temple   | Entered the Ecumenical Temple
  4315 | Temple   | Became a worshipper of Warmaster Okawaru
  4738 | D:6      | Reached XP level 8. HP: 65/65 MP: 8/8
  4920 | D:6      | You fall into a shaft and drop 2 floors!
  4920 | D:8      | Found Odod's Antique Weapon Boutique.
  5148 | D:7      | Reached skill level 5 in Long Blades
  5389 | D:6      | Reached * piety under Okawaru
  5534 | D:6      | Found a runed translucent gate.
  5534 | D:6      | Found a runed translucent gate.
  5534 | D:6      | Found a runed translucent gate.
  5553 | D:6      | Noticed a spectral unseen horror
  5553 | D:6      | Noticed crusatyr's ghost (novice HOFi)
  5553 | D:6      | Noticed a spectral unseen horror
  5619 | D:6      | Noticed Edmund
  5626 | D:6      | Killed Edmund
  5627 | D:6      | Reached skill level 5 in Armour
  5861 | D:6      | Identified 2 scrolls of acquirement
  5861 | D:6      | Acquired a manual of Maces & Flails
  5877 | D:6      | Acquired the +1 barding "Hinwe" {rN+ Str+2 Stlth+}
  6008 | D:7      | Reached skill level 5 in Fighting
  6209 | D:7      | Reached XP level 9. HP: 72/72 MP: 9/9
  6436 | D:7      | Found a shimmering altar of Xom.
  6734 | D:8      | Found a shimmering blue altar of Sif Muna.
  6748 | D:8      | Found a shadowy altar of Dithmenos.
  6893 | D:8      | Found a snail-covered altar of Cheibriados.
  6911 | D:8      | Found a glowing golden altar of the Shining One.
  7071 | D:8      | Noticed a two-headed ogre
  7080 | D:8      | Killed a two-headed ogre
  7081 | D:8      | Reached skill level 5 in Maces & Flails
  7530 | D:9      | Noticed Maggie
  7546 | D:9      | Killed Maggie
  7564 | D:9      | Reached ** piety under Okawaru
  7570 | D:9      | HP: 2/73 [yak (12)]
  7571 | D:9      | Mangled by a yak

Illustrated notes

Levels and vault maps discovered:
D:1:      noname_arrival_rooms_in_the_neighbourhood, layout_rooms
D:2:      layout_loops_cross
D:3:      layout_basic, mainiacjoe_overflow_paths, mainiacjoe_overflow_chevrons,
          dreamdust_ecumenical_altar_statues
D:4:      layout_basic
D:5:      layout_loops_ring, minmay_temple_entry_purple_smoke,
          hellmonk_ghost_happy_afterlife
D:6:      layout_gridville, gammafunk_ghost_necromancy, uniq_edmund
D:7:      layout_cave_pools, lemuel_doored_altar, amcnicky_mini_corridor_feature
D:8:      layout_cave_pods, nicolae_overflow_quartered_altars, serial_shops,
          shop
D:9:      layout_gridville, vehumet_altar_wand_db, jmf_multi_god_temple,
          moated_statue, uniq_maggie
Temple:   nicolae_temple_no_exploring_needed

Skill      XL: |  1  2  3  4  5  6  7  8  9 |
---------------+----------------------------+-----
Shields        | 3 4 |  4.9
Armour         | 3 4 5 6 |  6.0
Maces & Flails | 3 4 6 |  6.9
Dodging        | 1 2 3 |  3.4
Long Blades    | 1 2 4 6 |  6.8
Fighting       | 4 5 |  5.8
Invocations    | 3 |  3.3
Stealth        | |  0.9
Evocations     | |  0.3

Action                   |  1- 3 |  4- 6 |  7- 9 || total
-------------------------+-------+-------+-------++-------
Melee: Flail             |   128 |    37 |       ||   165
       Tailslap          |    10 |    13 |    21 ||    44
       Whip              |       |    27 |   109 ||   136
       Long sword        |       |    37 |   102 ||   139
Invok: Heroism           |       |       |     1 ||     1
 Abil: Rolling Charge    |     7 |     6 |    14 ||    27
Evoke: Wand              |       |       |     2 ||     2
  Use: Scroll            |       |       |    13 ||    13
       Potion            |       |       |     1 ||     1
Armor: Scale mail        |    88 |    86 |   128 ||   302
       Skin              |       |       |     3 ||     3
Dodge: Dodged            |    42 |    42 |    62 ||   146
Block: Buckler           |    19 |    37 |    48 ||   104

Table legend: (Time is in decaauts)
 A = Elapsed time spent in this place.
 B = Non-inter-level travel time spent in this place.
 C = Inter-level travel time spent in this place.
 D = Time resting spent in this place.
 E = Time spent auto-exploring this place.
 F = Levels seen in this place.
 G = Mean time per level.
                   A        B        C        D        E       F      G
               +--------+--------+--------+--------+--------+-----+--------+
         Total |   7784 |   7262 |    522 |   1197 |   4953 |  10 |  778.4 |
       Dungeon |   7769 |   7260 |    509 |   1197 |   4953 |   9 |  863.2 |
        Temple |     14 |      1 |     13 |      0 |      0 |   1 |   14.0 |
               +--------+--------+--------+--------+--------+-----+--------+

Top non-repeatable levels by time:
     D:4: 1155 daAuts
     D:6: 1108 daAuts
     D:1: 1068 daAuts
     D:2: 995 daAuts
     D:8: 894 daAuts
     D:7: 832 daAuts
     D:3: 785 daAuts
     D:5: 772 daAuts
     D:9: 156 daAuts
  Temple: 14 daAuts
